 Dungeon Crawl Stone Soup version 0.20.0-10-g0535bb4 (webtiles) character file.

60 pib the Ruffian (level 3, 0/30 HPs)
             Began as a Draconian Transmuter on June 7, 2017.
             Slain by a hobgoblin
             ... wielding a +0 club
              (5 damage)
             ... on level 2 of the Dungeon.
             The game lasted 00:02:44 (1652 turns).

pib the Ruffian (Draconian Transmuter)              Turns: 1652, Time: 00:02:45

Health: 0/30       AC:  5    Str: 12    XL:     3   Next: 82%
Magic:  6/6        EV: 12    Int: 14    God:
Gold:   73         SH:  0    Dex: 11    Spells: 5/6 levels left

rFire    . . .     SeeInvis .     - Unarmed
rCold    . . .     Gourm    .   (no shield)
rNeg     . . .     Faith    .   (armour unavailable)
rPois    .         Spirit   .   (helmet restricted)
rElec    .         Reflect  .   (no cloak)
rCorr    .         Harm     .   (no gloves)
MR       .....                  (no boots)
Stlth    +.........             (no amulet)
Regen    0.1/turn               (no ring)
MPRegen  0.1/turn               (no ring)

@: lethally poisoned (0 -> -4)
A: unfitting armour, cold-blooded, AC +5
a: no special abilities


You were on level 2 of the Dungeon.
You were hungry.

You visited 1 branch of the dungeon, and saw 2 of its levels.

You collected 73 gold pieces.

Inventory:

Missiles
 a - 35 arrows
Scrolls
 d - a scroll of random uselessness {unknown}
 e - a scroll of remove curse {unknown}
 h - a scroll of teleportation {unknown}
Potions
 i - a potion of curing {unknown}
Books
 b - a book of Changes

   Spells                             Type                      Level
   a - Beastly Appendage              Transmutation                1
   b - Sticks to Snakes               Transmutation                2
   c - Spider Form                    Transmutation/Poison         3
   d - Ice Form                       Ice/Transmutation            4
   e - Blade Hands                    Transmutation                5
Comestibles
 c - 3 bread rations
 f - a meat ration
 j - 2 fruits


   Skills:
 + Level 2.9 Fighting
 - Level 1.7 Dodging
 + Level 4.0 Unarmed Combat
 - Level 2.0 Spellcasting
 - Level 2.0 Transmutations


You had 5 spell levels left.
You knew the following spells:

 Your Spells              Type           Power        Failure   Level  Hunger
a - Beastly Appendage     Tmut           #.....       11%         1    ##.....


Dungeon Overview and Level Annotations

Branches:
Dungeon (2/15)

Altars:


Innate Abilities, Weirdness & Mutations

Your plain brown scales are hard. (AC +5)
You cannot fit into any form of body armour.
You are cold-blooded and may be slowed by cold attacks.


Message History

The hobgoblin closely misses you.
You hit the hobgoblin but do no damage.
The hobgoblin is moderately wounded.
Your horns disappear.
* * * LOW HITPOINT WARNING * * *
You feel sick.
You closely miss the hobgoblin.
The hobgoblin is moderately wounded.
The hobgoblin barely misses you.
You completely miss the hobgoblin.
Your tail-slap misses the hobgoblin.
The hobgoblin is moderately wounded.
The hobgoblin hits you but does no damage.
You hit the hobgoblin. Your punch misses the hobgoblin.
The hobgoblin is severely wounded.
* * * LOW HITPOINT WARNING * * *
You feel sick. The hobgoblin closely misses you.
You hit the hobgoblin but do no damage.
The hobgoblin is severely wounded.
The hobgoblin hits you with a club.
You die...

#......#.#.# #.
#......#.#.# #.
#......#.#.########.
......#.#........#.
......#.#.########.
.######.#.# #.
#......#.# #.
#.######## #. #@# #.
#g# ###. #.....#
#... ..g....## ##..
.(#.##. #.. # #.
.#.. .. #.#.. #.
#.### #. #....


You could see a hobgoblin.

Vanquished Creatures
  3 adders (D:2)
  A worm (D:2)
  A dart slug (D:1)
  A leopard gecko (D:2)
  2 giant cockroaches
  2 goblins (D:2)
  A hobgoblin (D:1)
  2 jackals (D:2)
  5 kobolds
  7 bats
  4 rats (D:1)
29 creatures vanquished.

Notes
Turn   | Place    | Note
-------+----------+-------------------------------------------
     0 | D:1      | pib the Draconian Transmuter began the quest for the Orb.
     0 | D:1      | Reached XP level 1. HP: 16/16 MP: 3/3
   582 | D:1      | Reached XP level 2. HP: 23/23 MP: 5/5
  1241 | D:2      | Reached XP level 3. HP: 25/29 MP: 4/6
  1643 | D:2      | Reached skill level 4 in Unarmed Combat
  1652 | D:2      | Slain by a hobgoblin

Skill      XL: |  1  2  3 |
---------------+----------+-----
Fighting       | 2 |  2.9
Unarmed Combat | 4 |  4.0
Dodging        | |  1.7
Spellcasting   | |  2.0
Transmutations | |  2.0

Action                   || total
-------------------------++-------
Melee: Unarmed           ||   130
       Tailslap          ||    10
       Punch             ||     1
       Kick              ||     2
       Headbutt          ||     1
 Cast: Beastly Appendage ||     5
  Eat: Chunk             ||     2
Armor: Skin              ||    50
Dodge: Dodged            ||    65
